 Dungeon Crawl Stone Soup version 0.30-a0-883-g5ad918d77d (webtiles) character file.

Game seed: 11187614683633351357

9 juan097 the Ducker (level 2, 0/22 HPs)
             Began as a Merfolk Gladiator on Mar 17, 2023.
             Slain by a quokka (4 damage)
             ... on level 1 of the Dungeon.
             The game lasted 00:01:03 (65 turns).

juan097 the Ducker (Merfolk Gladiator)                Turns: 65, Time: 00:01:03

Health: 0/22       AC:  4    Str: 14    XL:     2   Next: 16%
Magic:  2/2        EV: 13    Int:  7    God:
Gold:   0          SH:  0    Dex: 15    Spells: 1/1 levels left

rFire   . . .      SeeInvis .    a - +0 long sword
rCold   . . .      Faith    .    (no shield)
rNeg    . . .      Spirit   .    b - +0 leather armour
rPois   .          Reflect  .    c - +0 helmet
rElec   .          Rampage  .    (no cloak)
rCorr   .                        (no gloves)
Will    .....                    (no boots)
Stlth   ++                       (no amulet)
HPRegen 0.23/turn                (no ring)
MPRegen 0.08/turn                (no ring)

@: no status effects
A: (nimble swimmer 2), mertail
a: no special abilities


You were on level 1 of the Dungeon.
You visited 1 branch of the dungeon, and saw 1 of its levels.

Inventory:

Hand Weapons
 a - a +0 long sword (weapon)
Missiles
 d - a throwing net (quivered)
Armour
 b - a +0 leather armour (worn)
 c - a +0 helmet (worn)


   Skills:
 - Level 2.1 Fighting
 + Level 4.0 Long Blades
 - Level 2.0 Throwing
 - Level 4.0 Dodging
 + Level 1.3 Stealth


You had one spell level left.
You didn't know any spells.
Your spell library was empty.

Dungeon Overview and Level Annotations

Branches:
Dungeon (1/15)

Altars:


Innate Abilities, Weirdness & Mutations

((You are very nimble when in or above water. (Stealth+, EV+, Speed+++)))
Your lower body shifts to a powerful aquatic tail in water.


Message History

The jackal is lightly wounded.
The jackal bites you.
* * * LOW HITPOINT WARNING * * *
The jackal closely misses you. The jackal barely misses you.
You aren't carrying any potions.
Throw: 3 throwing nets
Press: ? - help, Shift-Dir - straight line, f - jackal
Aim: a jackal (lightly wounded, 53% to hit)
You throw a throwing net. The throwing net hits the jackal.
The jackal is caught in the net!
The jackal is lightly wounded.
The jackal struggles against the net.
The jackal misses you.
Throw: 2 throwing nets
Press: ? - help, Shift-Dir - straight line, f - jackal, p - jackal
Aim: a jackal (53% to hit)
You throw a throwing net. The throwing net hits the jackal.
The jackal is caught in the net!
The jackal struggles against the net. x3
Unknown command.
Throw: javelin
Press: ? - help, Shift-Dir - straight line, f - dart slug, p - jackal
Aim: a dart slug (93% to hit)
You throw a javelin. The javelin pierces through the jackal!
You kill the jackal!
The javelin pierces through the dart slug.
The dart slug is moderately wounded.
The jackal struggles against the net.
The net rips apart, and the jackal comes free!
The jackal misses you.
You slash the jackal!
You kill the jackal!
The dart slug launches a dart at you.
The slug dart hits you but does no damage.
You hit the dart slug.
The dart slug is moderately wounded.
The quokka bites you but does no damage.
You hit the dart slug.
The dart slug is severely wounded.
The quokka bites you.
You die...

.... ...#8.8## ...
........# .!
#......#
.####...8..## ..
##..(.......8#
....###...........<#
...h.w.....#......8#
....##.##w#...8..##
. #.B.##@r......#
....#####.......#
#..^## ##.#8.8## #..
#.##### #. ### #


You could see a dart slug and a quokka.

Vanquished Creatures
  2 giant cockroaches (D:1)
  3 jackals (D:1)
  A frilled lizard (D:1)
  A kobold (D:1)
  2 rats (D:1)
9 creatures vanquished.

Notes
Turn   | Place    | Note
-------+----------+-------------------------------------------
     0 | D:1      | juan097 the Merfolk Gladiator began the quest for the Orb.
     0 | D:1      | Reached XP level 1. HP: 16/16 MP: 1/1
    48 | D:1      | Reached skill level 1 in Stealth
    58 | D:1      | Reached XP level 2. HP: 5/22 MP: 2/2
    65 | D:1      | Slain by a quokka

Illustrated notes

Levels and vault maps discovered:
D:1:      mrwooster_arrival_statue_2, layout_rooms

Skill      XL: |  1 |
---------------+----+-----
Stealth        | 1 |  1.3
Long Blades    | 4 |  4.0
Fighting       | |  2.1
Throwing       | |  2.0
Dodging        | |  4.0

Action                     || total
---------------------------++-------
  Melee: Long sword        ||    37
  Throw: Throwing net      ||     2
         Javelin           ||     1
 Armour: Leather armour    ||    20
  Dodge: Dodged            ||    31

Table legend: (Time is in decaauts)
 A = Elapsed time spent in this place.
 B = Non-inter-level travel time spent in this place.
 C = Inter-level travel time spent in this place.
 D = Time resting spent in this place.
 E = Time spent auto-exploring this place.
 F = Levels seen in this place.
 G = Mean time per level.
                   A        B        C        D        E       F      G
               +--------+--------+--------+--------+--------+-----+--------+
         Total |     72 |     72 |      0 |      0 |      8 |   1 |   72.0 |
       Dungeon |     72 |     72 |      0 |      0 |      8 |   1 |   72.0 |
               +--------+--------+--------+--------+--------+-----+--------+

Top non-repeatable levels by time:
     D:1: 72 daAuts
